 Dungeon Crawl Stone Soup version 0.14.0-24-gfb45beb (webtiles) character file.

946 Malachi the Ruffian (level 7, -3/66 HPs)
             Began as a Troll Wizard on Apr 22, 2014.
             Was a Believer of Kikubaaqudgha.
             Slain by a centaur (5 damage)
             ... on Level 5 of the Dungeon.
             The game lasted 00:10:48 (3892 turns).

Malachi the Ruffian (Troll Wizard)                  Turns: 3892, Time: 00:10:48

HP  -3/66        AC  7     Str 16      XL: 7   Next: 32%
MP   8/8         EV  9     Int 16      God: Kikubaaqudgha [**....]
Gold 277         SH  0     Dex 10      Spells:  1 memorised,  9 levels left

rFire  . . .     SeeInvis .     G - +2 flail (drain)
rCold  . . .     Clarity  .     a - +0 robe
rNeg   . . .     Conserve .     (shield restricted)
rPois  .         rCorr    .     b - +1 hat
rElec  +         rRot     .     z - +0 cloak
SustAb + .       Spirit   .     (gloves unavailable)
rMut   .         Warding  .     (boots unavailable)
Gourm  +         Stasis   .     I - amulet "Adumit" {Gourm rElec MR++}
MR     ++...                    y - +2 ring of dexterity
                                p - ring of sustain abilities

@: drained, very resistant to hostile enchantments, unstealthy
A: unfitting armour, claws 3, fast metabolism 3, gourmand, regeneration 2,
saprovore 2, shaggy fur 1, tough skin 2
a: Receive Corpses, Renounce Religion


You were on level 5 of the Dungeon.
You worshipped Kikubaaqudgha.
Kikubaaqudgha was pleased with you.
You were very full.

You visited 1 branch of the dungeon, and saw 5 of its levels.

You collected 277 gold pieces.

Inventory:

Hand weapons
 D - a +1,+2 hand axe of electrocution
 G - a +2,+2 flail of draining (weapon)
Missiles
 f - 3 javelins of penetration (quivered)
 w - 26 poisoned needles
Armour
 a - a +0 robe (worn)
 b - a +1 hat (worn)
 z - a +0 cloak (worn)
Magical devices
 k - a wand of digging (0)
Comestibles
 d - 3 meat rations
 h - 6 bread rations
 u - 6 rotting chunks of orc flesh
 v - an apple
 A - 9 grapes
 B - a pear
 J - 4 chunks of orc flesh
Scrolls
 i - a scroll of amnesia
 l - a scroll of enchant weapon I
 o - a scroll of blinking {unknown}
 r - 2 scrolls of teleportation {unknown}
 t - 3 scrolls of random uselessness {unknown}
 x - a scroll of remove curse {unknown}
 F - 2 scrolls of identify
Jewellery
 j - an uncursed ring of protection from cold
 p - a ring of sustain abilities (left claw)
 y - a +2 ring of dexterity (right claw)
 I - the amulet "Adumit" (around neck) {Gourm rElec MR++}
   (You found it on level 4 of the Dungeon)

   [amulet of the gourmand]

   It insulates you from electricity.
   It affects your resistance to hostile enchantments.
Potions
 m - a potion of lignification {unknown}
 n - a potion of confusion {unknown}
 q - a potion of flight
 s - a potion of magic {unknown}
 C - a potion of might {unknown}
 E - a potion of paralysis {unknown}
Books
 c - a book of Minor Magic

   Spells                             Type                      Level
   *Magic Dart                        Conjuration                  1
   Blink                              Translocation                2
   Call Imp                           Summoning                    2
   Repel Missiles                     Charms/Air                   2
   Slow                               Hexes                        2
   Conjure Flame                      Conjuration/Fire             3
   Mephitic Cloud                     Conjuration/Poison/Air       3
 e - Kikubaaqudgha's Papyrus of Unholy Secrets
   (Kikubaaqudgha gifted it to you on level 3 of the Dungeon)

   Spells                             Type                      Level
   Pain                               Necromancy                   1
   Corpse Rot                         Necromancy                   2
   Sublimation of Blood               Necromancy                   2
   Vampiric Draining                  Necromancy                   3
   Control Undead                     Necromancy                   4


   Skills:
 + Level 2.4(2.2) Fighting
 * Level 0.6(0.4) Maces & Flails
 - Level 1.5(1.3) Dodging
 - Level 1.1(0.9) Stealth
 - Level 6.4(6.2) Unarmed Combat
 - Level 2.0(1.8) Spellcasting
 - Level 0.6(0.4) Conjurations
   Level 0.6(0.4) Summonings
 * Level 2.1(1.9) Necromancy
   Level 0.6(0.4) Translocations


You had 9 spell levels left.
You knew the following spells:

 Your Spells              Type           Power        Failure   Level  Hunger
a - Magic Dart            Conj           #...         21%         1    ##.....


Dungeon Overview and Level Annotations

Branches:
Dungeon (5/15)
 Temple: D:4-7

Altars:
Elyvilon
Kikubaaqudgha


Innate Abilities, Weirdness & Mutations

You are too large for most types of armour.
You have claws for hands.
Your metabolism is lightning-fast.
You like to eat raw meat.
You heal very quickly.
You can eat rotten meat.
You are covered in fur (AC +1).
You have very tough skin (AC +2).


Message History

The centaur shoots an arrow.
The arrow hits you!
* * * LOW HITPOINT WARNING * * *
The centaur shoots an arrow.
The arrow hits you!
* * * LOW HITPOINT WARNING * * *
You see here an arrow.
You are too injured to fight recklessly!
Unknown command.
Drink which item? (? for menu, Esc to quit)
You feel better.
It was a potion of curing.
The centaur shoots an arrow.
The arrow hits you!
* * * LOW HITPOINT WARNING * * *
The centaur shoots an arrow.
The arrow hits you!
* * * LOW HITPOINT WARNING * * *
The centaur shoots an arrow.
The arrow hits you!
You see here an arrow.
The centaur unwields an uncursed bow.
The centaur hits you.
* * * LOW HITPOINT WARNING * * *
The centaur hits you.
You die...
Kikubaaqudgha rasps: "You have failed me!
Welcome... death!"

###.#.#.+.#....###.####.......
#.....#.###....# ### ##+.#+##
######### #....# .# # ###((#
.. ### #####..# ## # ..#
#......###.#### #'##
#..?..(......... ...#
#......(..#.... ...#
#.......@.# ...+ #........c#
...# #.........# ####
+.........# .........#
........# ######## #### ...#


You could see a centaur.

Vanquished Creatures
  Sigmund (D:4)
  A hound (D:4)
  6 orc priests
  2 worker ants (D:4)
  4 orc wizards
  4 gnolls (D:4)
  7 adders
  2 worms
  21 orcs
  A ball python (D:1)
  4 hobgoblins
  17 jackals
  A quokka (D:3)
  13 bats
  4 giant geckos
  2 giant newts
  9 goblins
  4 kobolds
  A kobold skeleton (D:4)
  2 orc skeletons
  13 rats
119 creatures vanquished.

Notes
Turn   | Place    | Note
--------------------------------------------------------------
     0 | D:1      | Malachi, the Troll Wizard, began the quest for the Orb.
     0 | D:1      | Reached XP level 1. HP: 16/16 MP: 3/3
   143 | D:1      | Reached skill level 1 in Unarmed Combat
   366 | D:1      | Reached XP level 2. HP: 18/24 MP: 3/3
  1091 | D:2      | Reached XP level 3. HP: 19/32 MP: 5/5
  1197 | D:2      | Found a white marble altar of Elyvilon.
  1482 | D:2      | Reached skill level 1 in Fighting
  1574 | D:2      | Reached skill level 3 in Unarmed Combat
  1666 | D:3      | Found an ancient bone altar of Kikubaaqudgha.
  1675 | D:3      | Became a worshipper of Kikubaaqudgha
  1715 | D:3      | Reached XP level 4. HP: 41/41 MP: 5/5
  2229 | D:2      | Reached skill level 4 in Unarmed Combat
  2254 | D:3      | Reached XP level 5. HP: 26/48 MP: 6/6
  2419 | D:3      | Acquired Kikubaaqudgha's first power
  2419 | D:3      | Received a gift from Kikubaaqudgha
  2422 | D:3      | Identified Kikubaaqudgha's Papyrus of Unholy Secrets (Kikubaaqudgha gifted it to you on level 3 of the Dungeon)
  2520 | D:4      | Reached skill level 5 in Unarmed Combat
  2639 | D:4      | Reached XP level 6. HP: 55/57 MP: 7/7
  2807 | D:4      | Reached skill level 1 in Necromancy
  3042 | D:4      | Noticed Sigmund
  3201 | D:4      | Killed Sigmund
  3201 | D:4      | Reached skill level 6 in Unarmed Combat
  3223 | D:4      | Reached XP level 7. HP: 19/65 MP: 8/8
  3492 | D:4      | Got a scintillating silver amulet
  3494 | D:4      | Identified the amulet "Adumit" {Gourm rElec MR++} (You found it on level 4 of the Dungeon)
  3643 | D:5      | Entered Level 5 of the Dungeon
  3650 | D:5      | Acquired Kikubaaqudgha's second power
  3892 | D:5      | HP: 2/66 [centaur (6)]
  3892 | D:5      | Slain by a centaur

Action                   |  1- 3 |  4- 6 |  7- 9 || total
-------------------------+-------+-------+-------++-------
Melee: Unarmed           |   124 |   197 |    20 ||   341
       Flail             |       |       |    39 ||    39
  Use: Scroll            |     7 |     2 |     2 ||    11
       Potion            |       |     2 |     1 ||     3
 Stab: Sleeping          |       |       |     1 ||     1
